 Dungeon Crawl Stone Soup version 0.23-a0-650-ga4d50d4d25 (webtiles) character file.

157 Napalmbreeze the Conjurer (level 4, -5/33 HPs)
             Began as a Demigod Conjurer on Jan 3, 2019.
             Slain by a sky beast (6 damage)
             ... on level 4 of the Dungeon.
             The game lasted 00:09:11 (3775 turns).

Napalmbreeze the Conjurer (Demigod Conjurer)        Turns: 3775, Time: 00:09:12

Health: -5/33      AC:  3    Str: 11    XL:     4   Next: 93%
Magic:  3/11       EV: 12    Int: 21    God:
Gold:   251        SH:  0    Dex: 16    Spells: 2/8 levels left

rFire    . . .     SeeInvis .   b - +0 club
rCold    . . .     Gourm    .   (no shield)
rNeg     + . .     Faith    +   a - +0 robe
rPois    +         Spirit   .   (no helmet)
rElec    .         Reflect  .   (no cloak)
rCorr    .         Harm     .   (no gloves)
MR       .....                  p - +0 pair of boots
Stlth    ++........             x - amulet of faith (curse)
HPRegen  0.11/turn              e - ring of positive energy
MPRegen  0.12/turn              f - ring of poison resistance

@: no status effects
A: high mp 1
a: no special abilities


You were on level 4 of the Dungeon.
You were very hungry.

You visited 1 branch of the dungeon, and saw 4 of its levels.
You also visited: Ossuary.

You collected 251 gold pieces.

Inventory:

Hand Weapons
 b - a +0 club (weapon)
Armour
 a - a +0 robe (worn)
 p - a +0 pair of boots (worn)
 s - a +0 buckler
Jewellery
 e - a ring of positive energy (left hand)
 f - a ring of poison resistance (right hand)
 h - a +4 ring of strength {unknown}
 w - a +5 ring of intelligence {unknown}
 x - a cursed amulet of faith (around neck)
Wands
 v - a wand of acid (8)
Scrolls
 i - 2 scrolls of enchant armour {unknown}
 j - 4 scrolls of identify {unknown}
 m - 2 scrolls of remove curse {unknown}
 n - 4 scrolls of teleportation {unknown}
 r - 2 scrolls of amnesia {unknown}
 t - a scroll of random uselessness {unknown}
 u - a scroll of fog {unknown}
 y - a scroll of blinking {unknown}
Potions
 d - 2 potions of curing {unknown}
 g - 2 potions of heal wounds {unknown}
 k - 2 potions of berserk rage {unknown}
 l - a potion of flight {unknown}
 o - a potion of haste {unknown}
 q - 2 potions of agility {unknown}
Comestibles
 c - 11 rations


   Skills:
 - Level 1.7 Dodging
 - Level 1.7 Stealth
 + Level 2.9 Spellcasting
 * Level 5.3 Conjurations


You had 2 spell levels left.
You knew the following spells:

 Your Spells              Type           Power        Failure   Level  Hunger
a - Magic Dart            Conj           ####         1%          1    None
d - Dazzling Spray        Conj/Hex       ##....       14%         3    ###....
s - Searing Ray           Conj           ####..       2%          2    ##.....

Your spell library contained the following spells:

 Spells                   Type           Power        Failure   Level  Hunger
 Iskenderun's Mystic Bla  Conj           ####....     16%         4    ####...
 Force Lance              Conj/Tloc      ##......     41%         4    ####...
 Fulminant Prism          Conj/Hex       ##........   41%         4    ####...


Dungeon Overview and Level Annotations

Branches:
Dungeon (4/15)
 Temple: D:4-7

Annotations:
D:3 exclusions: orc priest and water moccasin, Sigmund
D:4 1 transporter


Innate Abilities, Weirdness & Mutations

You have an increased reservoir of magic. (+10% MP)


Message History

Aim: a sky beast (moderately wounded)
The searing ray hits the sky beast.
The sky beast is heavily wounded. (Press . to maintain the ray.)
You are feeling very hungry.
The sky beast flickers out of sight!
Deactivating autopickup; reactivate with Ctrl-A.
Something hits you. Something shocks you.
* * * LOW HITPOINT WARNING * * *
Something hits you.
* * * LOW HITPOINT WARNING * * *
Something shocks you.
* * * LOW HITPOINT WARNING * * *
Unknown command.
The searing ray hits something.
A sky beast appears from thin air!
Reactivating autopickup.
The sky beast hits you.
* * * LOW HITPOINT WARNING * * *
The sky beast shocks you.
You die...

......).............#
........>...........#
#
##.###.####.......#.#
.## ##.# #.#
#.......#.##... ##.#
#^# #..#...........
...# #.#
#..##.......... ##.#
#.# #..##..##.#..##
#.###.#
#......#.......
#.....# #.....@Y..#
####### #.###.##.##
#. ### ... ####


You could see a sky beast.

Vanquished Creatures
  A hound (D:4)
  A mummy (D:4)
  2 adders
  An ooze (D:3)
  3 worms
  2 dart slugs
  2 leopard geckos
  7 giant cockroaches
  2 goblins (D:2)
  15 hobgoblins
  7 jackals
  3 kobolds
  2 quokkas
  A ball python (D:1)
  9 bats
  6 frilled lizards
  A goblin zombie (D:4)
  2 jackal zombies
  An orc zombie (D:4)
  5 rats
  A rat zombie (Ossuary)
74 creatures vanquished.

Vanquished Creatures (others)
  5 toadstools (D:1)
5 creatures vanquished.

Grand Total: 79 creatures vanquished

Notes
Turn   | Place    | Note
-------+----------+-------------------------------------------
     0 | D:1      | Napalmbreeze the Demigod Conjurer began the quest for the
                  | Orb.
     0 | D:1      | Reached XP level 1. HP: 14/14 MP: 5/5
   534 | D:1      | Reached skill level 4 in Conjurations
   534 | D:1      | Reached XP level 2. HP: 20/20 MP: 4/7
   735 | D:1      | Learned a level 2 spell: Searing Ray
  1339 | D:2      | Found a bloodstained altar of Trog.
  1389 | D:2      | Reached XP level 3. HP: 26/26 MP: 5/9
  1906 | D:2      | Learned a level 3 spell: Dazzling Spray
  2036 | D:2      | Found a faded altar of an unknown god.
  2158 | D:2      | Found a snail-covered altar of Cheibriados.
  2546 | D:3      | Noticed Sigmund
  2630 | D:3      | Reached XP level 4. HP: 32/33 MP: 4/10
  2724 | D:3      | Noticed a water moccasin
  2828 | D:3      | Found an iron altar of Okawaru.
  2876 | D:3      | Reached skill level 5 in Conjurations
  3239 | D:4      | Found a sand-covered staircase.
  3397 | Ossuary  | Entered an ossuary
  3762 | D:4      | Found a transporter.
  3764 | D:4      | Noticed a sky beast
  3775 | D:4      | HP: 1/33 [sky beast (1)]
  3775 | D:4      | Slain by a sky beast

Vault maps used:
D:1:      ldierk_walled_garden, minmay_cut_off
D:2:      nicolae_overflow_hidden_temple, bloody_trog,
          chequers_ecumenical_altar_simple
D:3:      interstate_on_off, lemuel_tele_altar, uniq_sigmund
D:4:      nicolae_ossuary_entry_giza, gammafunk_ghost_mausoleum
Ossuary:  ossuary_minmay_tomb_2a

Skill      XL: |  1  2  3  4 |
---------------+-------------+-----
Spellcasting   | 2 |  2.9
Conjurations   | 4 5 |  5.3
Dodging        | |  1.7
Stealth        | |  1.7

Action                   |  1- 3 |  4- 6 || total
-------------------------+-------+-------++-------
Melee: Club              |    21 |    30 ||    51
       Unarmed           |     3 |       ||     3
 Cast: Magic Dart        |    95 |    29 ||   124
       Searing Ray       |     6 |     5 ||    11
       Dazzling Spray    |       |     2 ||     2
 Stab: Sleeping          |     2 |       ||     2
  Eat: Chunk             |     5 |     4 ||     9
Armor: Robe              |    12 |    27 ||    39
Dodge: Dodged            |    26 |    42 ||    68

Table legend:
 A = Non-vault XP
 B = Vault XP
 C = Vault XP percentage of total XP
 D = Non-vault monster count
 E = Vault monster count
 F = Vault count percentage of total count
                 A         B        C        D         E       F
            +---------+---------+-------+---------+---------+-------
      Total |     201 |      24 |  10.7 |      68 |       6 |   8.1
            +---------+---------+-------+---------+---------+-------
        D:1 |      44 |       2 |   4.3 |      26 |       1 |   3.7
        D:2 |      63 |       0 |   0.0 |      24 |       0 |   0.0
        D:3 |      43 |       0 |   0.0 |      12 |       0 |   0.0
        D:4 |      51 |      20 |  28.2 |       6 |       3 |  33.3
    Ossuary |       0 |       2 | 100.0 |       0 |       2 | 100.0
            +---------+---------+-------+---------+---------+-------
